 Dungeon Crawl Stone Soup version 0.19.1 (webtiles) character file.

64 kae the Firebug (level 4, -2/24 HPs)
             Began as a Tengu Fire Elementalist on Dec 8, 2016.
             Killed by divine providence
             ... invoked by an orc priest
              (12 damage)
             ... on level 3 of the Dungeon.
             The game lasted 00:02:30 (2497 turns).

kae the Firebug (Tengu Fire Elementalist)           Turns: 2497, Time: 00:02:31

Health: -2/24      AC:  4    Str:  8    XL:     4   Next: 12%
Magic:  1/8        EV: 16    Int: 16    God:
Gold:   45         SH:  0    Dex: 15    Spells: 3 memorised, 2 levels left

rFire  . . .     SeeInvis .     d - +4 dagger (drain)
rCold  . . .     Gourm    .     a - +1 robe
rNeg   . . .     Faith    .     (no shield)
rPois  +         Spirit   .     (helmet restricted)
rElec  .         Reflect  .     n - +0 cloak {rPois}
rCorr  .         Harm     .     (no gloves)
MR     .....                    (boots unavailable)
Stlth  ++........               (no amulet)
                                (no ring)
                                f - +3 ring of evasion

@: no status effects
A: beak, talons 3
a: no special abilities


You were on level 3 of the Dungeon.
You were hungry.

You visited 1 branch of the dungeon, and saw 3 of its levels.

You collected 45 gold pieces.

Inventory:

Hand Weapons
 d - a +4 dagger of draining (weapon)
 m - a +0 spear
Armour
 a - a +1 robe (worn)
 n - a +0 cloak of poison resistance (worn)
Jewellery
 f - a +3 ring of evasion (left hand)
Scrolls
 e - a scroll of teleportation
 i - 2 scrolls of amnesia
 l - a scroll of remove curse {unknown}
 o - a scroll of identify
Potions
 g - 2 potions of heal wounds {unknown}
 h - a potion of resistance {unknown}
 j - 2 potions of curing
 k - a potion of ambrosia {unknown}
 p - a potion of might {unknown}
 q - a potion of lignification {unknown}
Books
 b - a book of Flames

   Spells                             Type                      Level
   a - Flame Tongue                   Conjuration/Fire             1
   b - Throw Flame                    Conjuration/Fire             2
   c - Conjure Flame                  Conjuration/Fire             3
   d - Inner Flame                    Hexes/Fire                   3
   e - Sticky Flame                   Conjuration/Fire             4
   f - Fireball                       Conjuration/Fire             5
Comestibles
 c - a bread ration
 r - a meat ration


   Skills:
 - Level 2.1 Dodging
 - Level 2.0 Stealth
 + Level 2.5 Spellcasting
 * Level 3.2 Conjurations
 * Level 4.1 Fire Magic


You had 2 spell levels left.
You knew the following spells:

 Your Spells              Type           Power        Failure   Level  Hunger
a - Flame Tongue          Conj/Fire      ##...        6%          1    #......
b - Throw Flame           Conj/Fire      ##....       10%         2    ##.....
c - Conjure Flame         Conj/Fire      ##......     14%         3    ###....


Dungeon Overview and Level Annotations

Branches:
Dungeon (3/15)

Altars:
Nemelex Xobeh
The Shining One

Annotations:
D:3 exclusion: 2 orc priests


Innate Abilities, Weirdness & Mutations

You have a beak for a mouth.
You have claws for feet.


Message History

Confirm with . or Enter, or press ? or * to list all spells.
Aiming: Flame Tongue
Press: ? - help, Shift-Dir - straight line, f/p - orc
Aim: an orc, wielding a flail and wearing a ring mail (heavily wounded)
The flame tongue hits the orc.
You kill the orc!
Casting: Flame Tongue
Confirm with . or Enter, or press ? or * to list all spells.
You don't have enough magic to cast that spell.
Casting: Flame Tongue
Confirm with . or Enter, or press ? or * to list all spells.
You don't have enough magic to cast that spell.
You are feeling hungry.
Your magical contamination has completely faded away.
The orc priest mumbles some strange prayers to Beogh against you.
Beogh smites you!
The orc priest mumbles some strange prayers to Beogh against you.
Beogh smites you!
Ouch! That really hurt!
You die...

#.# ## #o# #.# #.# #.# ### #.#
##.## ############
#o###########.#.## ...........##
#..............#.#
.######.....####@.##########...##
.# ####...........## ##.## .#
#........##.....# #...#
.###.###.[.####...## #...#
.........### ##.## #...#
#........# ##.# ##.## #..#.###.#
#..# #.# #..#.# #.# ##.'## #.#
#..#.# #.# ##....## #.#


You could see an orc priest and an orc.

Vanquished Creatures
  An adder (D:2)
  A dart slug (D:1)
  A leopard gecko (D:1)
  2 orcs (D:3)
  A ball python (D:1)
  8 hobgoblins
  3 jackals (D:1)
  10 bats
  2 frilled lizards (D:2)
  5 goblins
  8 kobolds
  5 rats
47 creatures vanquished.

Notes
Turn   | Place    | Note
-------+----------+-------------------------------------------
     0 | D:1      | kae the Tengu Fire Elementalist began the quest for the Orb.
     0 | D:1      | Reached XP level 1. HP: 10/10 MP: 4/4
   271 | D:1      | Reached XP level 2. HP: 15/15 MP: 4/6
   739 | D:1      | Reached XP level 3. HP: 18/19 MP: 3/7
  1209 | D:2      | Reached skill level 4 in Fire Magic
  1213 | D:2      | Learned a level 2 spell: Throw Flame
  1217 | D:2      | Learned a level 3 spell: Conjure Flame
  1302 | D:2      | Found a glowing golden altar of the Shining One.
  1349 | D:2      | Found a sparkling altar of Nemelex Xobeh.
  2096 | D:3      | Reached XP level 4. HP: 21/24 MP: 8/8
  2497 | D:3      | Killed from afar by an orc priest

Skill      XL: |  1  2  3 |
---------------+----------+-----
Conjurations   | 2 3 |  3.2
Fire Magic     | 4 |  4.1
Dodging        | |  2.1
Stealth        | |  2.0
Spellcasting   | |  2.5

Action                   |  1- 3 |  4- 6 || total
-------------------------+-------+-------++-------
Melee: Dagger            |    35 |     7 ||    42
       Kick              |     4 |     1 ||     5
       Peck              |     3 |       ||     3
 Cast: Flame Tongue      |    32 |    10 ||    42
       Throw Flame       |     1 |       ||     1
  Use: Scroll            |     4 |       ||     4
 Stab: Sleeping          |     5 |     1 ||     6
  Eat: Chunk             |     4 |     1 ||     5
Armor: Robe              |     8 |     5 ||    13
Dodge: Dodged            |    21 |     9 ||    30
